 Dungeon Crawl Stone Soup version 0.26.0-10-g1f06aea511 (webtiles) character file.

Game seed: 13935703356245843890

3807 Amaterasu the Grappler (level 10, -9/83 HPs)
             Began as a Ghoul Monk on Jan 25, 2021.
             Was a Believer of Makhleb.
             Mangled by a komodo dragon (16 damage)
             ... on level 9 of the Dungeon.
             The game lasted 00:15:05 (9873 turns).

Amaterasu the Grappler (Ghoul Monk)                 Turns: 9873, Time: 00:15:05

Health: -9/83      AC: 11    Str: 19    XL:     10   Next: 17%
Magic:  0/10       EV: 13    Int:  5    God:    Makhleb [**....]
Gold:   991        SH:  0    Dex: 11    Spells: 9/9 levels left

rFire    . . .     SeeInvis .     - Unarmed
rCold    + + .     Faith    .   (no shield)
rNeg     + + +     Spirit   +   n - +2 ring mail {rF+}
rPois    ∞         Reflect  .   (no helmet)
rElec    +         Harm     .   x - +0 cloak "Waal" {rElec rF- rN+}
rCorr    .         Rampage  .   y - +0 pair of gloves
Will     .....                  A - +0 pair of boots
Stlth    +.........             b - amulet of guardian spirit
HPRegen  0.00/turn              o - ring of protection from cold
MPRegen  0.12/turn              (no ring)

@: mighty
A: claws 1, cold resistance 1, negative energy resistance 3, inhibited
regeneration, torment resistance, unbreathing
a: Renounce Religion, Minor Destruction


You were on level 9 of the Dungeon.
You worshipped Makhleb.
Makhleb was pleased with you.
You visited 2 branches of the dungeon, and saw 10 of its levels.

You collected 1304 gold pieces.
You spent 313 gold pieces at shops.

Inventory:

Missiles
 h - 39 poisoned darts (quivered)
Armour
 n - a +2 ring mail of fire resistance (worn)
 x - the +0 cloak "Waal" (worn) {rElec rF- rN+}
   (You bought it in a shop on level 6 of the Dungeon)

   It makes you vulnerable to fire.
   It insulates you from electricity.
   It protects you from negative energy.
 y - a +0 pair of gloves (worn)
 A - a +0 pair of boots (worn)
Jewellery
 a - an uncursed amulet of regeneration
 b - an amulet of guardian spirit (around neck)
 d - an uncursed ring of ice
 k - an uncursed amulet of the acrobat
 o - a ring of protection from cold (left hand)
 w - an uncursed ring of stealth
Wands
 g - a wand of polymorph (13)
 m - a wand of iceblast (15)
 v - a wand of acid (10)
 D - a wand of flame (20)
Scrolls
 j - 2 scrolls of identify
 l - a scroll of magic mapping
 t - 2 scrolls of teleportation
 u - 2 scrolls of remove curse
 B - a scroll of amnesia
Potions
 c - a potion of heal wounds
 e - a potion of might
 f - 2 potions of berserk rage
 i - a potion of invisibility
 p - 2 potions of brilliance
 q - a potion of lignification
 r - 2 potions of ambrosia
 s - a potion of cancellation
 z - 3 potions of curing
 C - a potion of attraction


   Skills:
 * Level 6.0 Fighting
 * Level 5.4 Armour
 * Level 6.0 Dodging
 - Level 2.1 Stealth
 - Level 10.0 Unarmed Combat
 * Level 2.3 Invocations
 * Level 5.0 Evocations


You had 9 spell levels left.
You didn't know any spells.
Your spell library contained the following spells:

 Spells                   Type           Power        Failure   Level
 Sting                    Tmut/Pois      0%           65%         1
 Poisonous Vapours        Pois/Air       0%           78%         2
 Ignite Poison            Fire/Tmut/Pois 0%           95%         3
 Mephitic Cloud           Conj/Pois/Air  0%           95%         3
 Olgreb's Toxic Radiance  Pois           0%           100%        4


Dungeon Overview and Level Annotations

Branches:
Dungeon (9/15)             Temple (1/1) D:7            Lair (0/6) D:9
    Orc: D:9-12

Altars:
Cheibriados
Dithmenos
Hepliaklqana
Kikubaaqudgha
Makhleb
Qazlal
Trog
Wu Jian

Shops:
D:6 [

Annotations:
D:8 3 runed translucent doors, rnawigator's ghost, novice TeCj
D:9 Prince Ribbit


Innate Abilities, Weirdness & Mutations

You thrive by killing the living.
You are immune to poison.
You have sharp fingernails.
Your flesh is cold resistant. (rC+)
You are immune to negative energy. (rN+++)
You do not regenerate when monsters are visible.
You are immune to unholy pain and torment.
You can survive without breathing.


Message History

The komodo dragon is moderately wounded.
The komodo dragon bites you!
* * * LOW HITPOINT WARNING * * *
Prince Ribbit lets out a mournful croak.
You punch the komodo dragon!
The komodo dragon is heavily wounded.
Prince Ribbit disappears!
The komodo dragon bites you!
* * * LOW HITPOINT WARNING * * *
You punch the komodo dragon!
The komodo dragon is severely wounded.
The komodo dragon closely misses you.
You hit the komodo dragon.
The komodo dragon is severely wounded.
The komodo dragon completely misses you.
You barely miss the komodo dragon. Your punch misses the komodo dragon.
The komodo dragon is severely wounded.
You barely miss the komodo dragon.
The komodo dragon is severely wounded.
The komodo dragon bites you!!
You die...

#..# ###...###
#.## #E#...#E##
#.######...###.
##..............
#..##....._.....
##.####..........
##..# ####...###.
#..## #E#...#E#.
#@## ###...###.
#l# #....... ##.#
#....... ##..#
####'### ##..##
#.... ##...##
####.
##PP...#####
#PPP....#..#
#PPPP.(.#..####


You could see a komodo dragon.

Vanquished Creatures
  Pikel (D:3)
  Joseph (D:7)
  A wyvern (D:6)
  3 orc warriors
  4 sky beasts
  3 ice beasts
  2 black bears (D:7)
  An ogre (D:6)
  A phantom (D:8)
  2 centaurs (D:9)
  A lemure (D:3)
  A bullfrog (D:8)
  3 scorpions
  5 killer bees (D:8)
  3 vampire bats (D:3)
  2 howler monkeys (D:8)
  2 bullfrog skeletons (D:5)
  A hound (D:4)
  2 jellies
  5 orc priests
  Ijyb (D:3)
  3 worker ants
  2 iguanas
  2 orc wizards (D:6)
  A killer bee zombie (D:5)
  A hound zombie (D:5)
  2 worker ant zombies
  Robin (D:4)
  10 adders
  3 shadow imps
  An ufetubus (D:7)
  An adder skeleton (D:6)
  2 adder zombies
  3 worms
  3 dart slugs
  7 leopard geckos
  20 orcs
  2 ball pythons
  2 bat skeletons (D:3)
  4 bat zombies (D:3)
  8 giant cockroaches
  14 goblins
  11 hobgoblins
  5 jackals
  8 kobolds
  6 quokkas
  13 bats
  2 frilled lizards
  A jackal skeleton (D:8)
  A leopard gecko skeleton (D:4)
  6 rats
190 creatures vanquished.

Vanquished Creatures (others)
  5 plants (D:9)
5 creatures vanquished.

Grand Total: 195 creatures vanquished

Notes
Turn   | Place    | Note
-------+----------+-------------------------------------------
     0 | D:1      | Amaterasu the Ghoul Monk began the quest for the Orb.
     0 | D:1      | Reached XP level 1. HP: 19/19 MP: 0/0
   184 | D:1      | Reached XP level 2. HP: 26/26 MP: 1/1
   187 | D:1      | Reached skill level 4 in Unarmed Combat
   503 | D:1      | Reached XP level 3. HP: 8/31 MP: 2/2
  1352 | D:2      | Reached skill level 5 in Unarmed Combat
  1781 | D:2      | Reached XP level 4. HP: 37/38 MP: 3/3
  2498 | D:3      | Reached skill level 6 in Unarmed Combat
  2529 | D:3      | Reached XP level 5. HP: 29/45 MP: 2/4
  2689 | D:3      | Noticed Ijyb
  2704 | D:3      | Killed Ijyb
  2716 | D:3      | Reached skill level 1 in Armour
  2720 | D:3      | Reached XP level 6. HP: 32/52 MP: 3/5
  2854 | D:3      | Found an ancient bone altar of Kikubaaqudgha.
  3123 | D:4      | Noticed Pikel
  3178 | D:3      | Killed Pikel
  3179 | D:3      | Reached skill level 5 in Fighting
  3179 | D:3      | Reached skill level 5 in Dodging
  3179 | D:3      | Reached XP level 7. HP: 13/61 MP: 1/6
  3890 | D:4      | Noticed Robin
  3916 | D:4      | Killed Robin
  4665 | D:5      | Entered Level 5 of the Dungeon
  4674 | D:5      | Reached XP level 8. HP: 58/68 MP: 5/7
  4683 | D:5      | Reached skill level 1 in Evocations
  4815 | D:5      | Reached skill level 7 in Unarmed Combat
  5145 | D:5      | Found a hazy altar of Hepliaklqana.
  5291 | D:5      | Reached skill level 8 in Unarmed Combat
  5511 | D:5      | Found a shadowy altar of Dithmenos.
  5782 | D:6      | Noticed a wyvern
  5802 | D:6      | Killed a wyvern
  5986 | D:6      | Reached skill level 9 in Unarmed Combat
  6449 | D:6      | Reached XP level 9. HP: 52/74 MP: 8/8
  6525 | D:6      | Reached skill level 10 in Unarmed Combat
  6737 | D:6      | Found Inkuf's Antique Armour Emporium.
  6745 | D:6      | Bought a steaming cloak for 313 gold pieces
  6750 | D:6      | Identified the +0 cloak "Waal" {rElec rF- rN+} (You bought
                  | it in a shop on level 6 of the Dungeon)
  7230 | D:7      | Noticed Joseph
  7243 | D:7      | Killed Joseph
  7253 | D:7      | Identified a scroll of acquirement
  7253 | D:7      | Acquired 795 gold pieces
  7433 | D:7      | Found a bloodstained altar of Trog.
  7760 | D:7      | Found a staircase to the Ecumenical Temple.
  7768 | Temple   | Entered the Ecumenical Temple
  7776 | Temple   | Became a worshipper of Makhleb the Destroyer
  7776 | Temple   | Reached * piety under Makhleb
  7776 | Temple   | Reached ** piety under Makhleb
  7821 | D:7      | Found an ornate altar of the Wu Jian Council.
  8265 | D:8      | Reached skill level 1 in Invocations
  8512 | D:8      | Reached XP level 10. HP: 25/83 MP: 4/10
  8782 | D:8      | Reached skill level 5 in Armour
  8916 | D:8      | Found a runed translucent gate.
  8916 | D:8      | Found a runed translucent gate.
  8916 | D:8      | Found a runed translucent gate.
  8922 | D:8      | Noticed rnawigator's ghost (novice TeCj)
  9551 | D:9      | Noticed Prince Ribbit
  9559 | D:9      | Reached skill level 5 in Evocations
  9746 | D:9      | Found a stormy altar of Qazlal.
  9833 | D:9      | Found a staircase to the Lair.
  9873 | D:9      | Mangled by a komodo dragon

Illustrated notes

Levels and vault maps discovered:
D:1:      moated_graveyard_arrival, layout_basic, serial_forest,
          infiniplex_forest_clump_tiny, infiniplex_forest_end_double,
          infiniplex_forest_zigzag_2, infiniplex_forest_lined_corner,
          infiniplex_forest_clump_small, infiniplex_forest_lined_room_2
D:2:      layout_loops_corners, serial_bayou_lagoon_b
D:3:      layout_rooms, kennysheep_vampire_church, kennysheep_minor_cross,
          corexii_item_surrounded_by_moat, uniq_ijyb
D:4:      layout_layer_cave, uniq_pikel, uniq_robin
D:5:      layout_loops_corners, overflow_temple_1_default,
          nicolae_dithmenos_through_a_glass_darkly
D:6:      layout_basic, serial_shops, shop
D:7:      layout_basic, nzn_wu_jian_contemplation, trog_ov_bears_minmay,
          minmay_temple_entry_proselytizer, grunt_decor_clamped, uniq_joseph
D:8:      layout_layer_cave, gammafunk_ghost_necromancy
D:9:      layout_roguey, grunt_temple_overflow_open,
          nicolae_qazlal_style_of_elements, david_lair_shrubbed, uniq_maggie,
          uniq_prince_ribbit1
Temple:   dpeg_chambers_temple

Skill      XL: |  1  2  3  4  5  6  7  8  9 10 |
---------------+-------------------------------+-----
Unarmed Combat | 4 5 6 9 10 | 10.0
Armour         | 1 3 4 5 |  5.4
Dodging        | 3 5 6 |  6.0
Fighting       | 5 6 |  6.0
Evocations     | 2 4 5 |  5.0
Invocations    | 1 2 |  2.3
Stealth        | |  2.1

Action                   |  1- 3 |  4- 6 |  7- 9 | 10-12 || total
-------------------------+-------+-------+-------+-------++-------
Melee: Unarmed           |   113 |   183 |   386 |    83 ||   765
       Punch             |     2 |     2 |    11 |     5 ||    20
Evoke: Wand              |       |       |     6 |       ||     6
  Use: Scroll            |     1 |    10 |    14 |     2 ||    27
       Potion            |       |       |     2 |     2 ||     4
 Stab: Sleeping          |     7 |     1 |     1 |       ||     9
       Distracted        |       |       |     1 |       ||     1
Armor: Robe              |    12 |       |       |       ||    12
       Leather armour    |    15 |    54 |       |       ||    69
       Ring mail         |       |    21 |   158 |    24 ||   203
Dodge: Dodged            |    72 |   156 |   292 |    33 ||   553
